Blackhawks vs Maple Leafs
(R2)
Created - 9 mai 2016 at 19:00
Goals
|
| Blackhawks |
1 |
0 |
2 |
3 |
| Maple Leafs |
2 |
2 |
0 |
4 |
|
Shots
|
| Blackhawks |
5 |
17 |
7 |
29 |
| Maple Leafs |
10 |
9 |
9 |
28 |
|
1st period
1. Maple Leafs , Claude Giroux 1 (Evgeni Malkin) at 8:30 (SH)
2. Blackhawks , Henrik Zetterberg 5 (Daniel Carcillo, Chris Campoli) at 12:23
3. Maple Leafs , Matt Pettinger 1 (Jordan Staal, Taylor Chorney) at 17:01
Penalties :
Alexander Frolov (Tor) for Tripping (Minor) at 6:48
2nd period
4. Maple Leafs , Claude Giroux 2 (Evgeni Malkin, Alexander Frolov) at 0:21
5. Maple Leafs , Brendan Morrison 3 (Alexander Frolov, Justin Schultz) at 6:29
Penalties :
Justin Schultz (Tor) for Goalie Interference (Minor) at 4:01, Braydon Coburn (Tor) for High sticking (Minor) at 18:41
3rd period
6. Blackhawks , Chris Higgins 2 (Pierre-Marc Bouchard) at 11:07
7. Blackhawks , Kris Versteeg 1 (Henrik Zetterberg, Robert Nilsson) at 18:02 (PP)
Penalties :
Pierre-Marc Bouchard (Chi) for Interference (Minor) at 0:52, Colby Armstrong (Tor) for Tripping (Minor) at 3:04, Alexander Frolov (Tor) for Elbowing (Minor) at 16:59, Claude Giroux (Tor) for Interference (Minor) at 19:54
Goalie Stats
Jocelyn Thibault (Chi), 13 saves from 13 shots - (1,000), 32:23 minutes
Tyler Weiman (Chi), 11 saves from 15 shots - (0,733), L, 2-2-0, 26:29 minutes
Marc-André Fleury (Tor), 26 saves from 29 shots - (0,897), W, 2-1-0, 60:00 minutes
Players Stats for Blackhawks
Player Name G A P +/- PIM S H SB GA TA FO MP PP MP PK MP
------------------------------------------------------------------------------------
Andy Rogers 0 0 0 1 0 0 1 2 1 1 0/0 20:47 3:17 0:47
Brent Burns 0 0 0 -2 0 1 1 0 3 3 0/0 28:06 5:47 1:12
Chris Campoli 0 1 1 1 0 0 2 1 0 0 0/0 20:47 3:17 0:47
Chris Higgins 1 0 1 1 0 1 2 0 1 0 0/0 16:33 3:58 0:18
Daniel Carcillo 0 1 1 -1 0 2 1 1 1 0 0/0 10:46 0:00 0:00
Dominic Moore 0 0 0 -1 0 2 0 1 1 0 3/7 11:01 0:00 0:15
Henrik Zetterberg 1 1 2 -1 0 4 6 0 0 1 3/8 23:51 5:06 1:25
Jamie Langenbrunner 0 0 0 1 0 1 2 0 0 1 0/0 16:15 3:58 0:00
Jeff Schultz 0 0 0 -2 0 1 2 2 0 1 0/0 28:06 5:47 1:12
John Carlson 0 0 0 -1 0 1 2 1 0 0 0/0 11:07 0:00 0:00
Kris Versteeg 1 0 1 -1 0 5 3 0 0 0 0/0 22:40 5:06 0:16
Pierre-Marc Bouchard 0 1 1 1 2 4 2 2 0 1 8/12 16:16 3:58 0:00
Robert Nilsson 0 1 1 -1 0 2 0 1 0 0 11/35 23:51 5:06 1:25
Ryan Malone 0 0 0 -1 0 0 0 0 0 0 0/0 8:34 0:00 0:00
Sheldon Keefe 0 0 0 -1 0 0 0 0 0 0 0/0 11:05 0:00 0:19
Steve Bernier 0 0 0 -1 0 2 1 0 0 0 0/0 8:34 0:00 0:00
Viktor Kozlov 0 0 0 -1 0 1 2 0 1 0 0/0 8:34 0:00 0:00
Wes O'Neill 0 0 0 -1 0 2 0 0 0 1 0/0 11:07 0:00 0:00
Players Stats for Maple Leafs
Player Name G A P +/- PIM S H SB GA TA FO MP PP MP PK MP
------------------------------------------------------------------------------------
Alexander Frolov 0 2 2 2 4 2 3 1 0 0 0/0 21:27 1:16 2:07
Blake Comeau 0 0 0 -1 0 0 2 2 0 0 0/0 7:14 0:00 0:00
Braydon Coburn 0 0 0 1 2 0 0 4 1 0 0/0 28:00 1:09 4:48
Brendan Morrison 1 0 1 0 0 2 1 1 0 0 7/12 13:37 0:43 0:12
Byron Bitz 0 0 0 -1 0 1 2 0 0 1 0/1 14:54 0:43 2:02
Claude Giroux 2 0 2 2 2 9 2 0 1 1 8/13 24:34 1:16 5:43
Colby Armstrong 0 0 0 1 2 0 2 1 0 1 0/0 11:28 0:00 0:00
Evgeni Malkin 0 2 2 2 0 4 1 1 0 1 20/28 24:28 1:16 5:36
Fabian Brunnstrom 0 0 0 -1 0 1 1 0 0 0 0/0 13:15 0:43 0:23
Jamie McBain 0 0 0 0 0 1 0 0 0 1 0/0 11:27 0:00 0:00
Jordan Staal 0 1 1 1 0 0 0 1 1 0 2/3 11:25 0:00 0:00
Justin Abdelkader 0 0 0 -1 0 2 2 0 0 0 0/0 7:14 0:00 0:00
Justin Schultz 0 1 1 1 2 2 0 0 0 0 0/0 13:22 0:00 1:24
Marc-Édouard Vlasic 0 0 0 1 0 0 1 1 2 0 0/0 19:08 0:50 2:52
Matt Pettinger 1 0 1 1 0 3 2 0 1 1 0/2 13:30 0:00 2:05
Rob Schremp 0 0 0 -1 0 0 1 2 1 0 0/3 7:14 0:00 0:00
Taylor Chorney 0 1 1 1 0 0 0 0 0 2 0/0 19:08 0:50 2:52
Tobias Enstrom 0 0 0 1 0 1 2 1 2 0 0/0 29:25 1:09 6:12
3 Stars
1 - Claude Giroux (Tor)
2 - Henrik Zetterberg (Chi)
3 - Evgeni Malkin (Tor)
Power Play
Blackhawks - 1 on 6 Attempt(s) - 16,67%
Maple Leafs - 0 on 1 Attempt(s) - 0,00%
Penalty Kill
Blackhawks - 1 on 1 Attempt(s) - 100,00%
- Score 0 goal in Penalty Kill
Maple Leafs - 5 on 6 Attempt(s) - 83,33%
- Score 1 goal in Penalty Kill
Team Stat
Blackhawks - Hits : 27 - Faceoff Wins : 25 - Blocked Shots : 11 - Penalty Minutes : 2
Maple Leafs - Hits : 22 - Faceoff Wins : 37 - Blocked Shots : 15 - Penalty Minutes : 12
Official
Referees : StLaurent Francois and VanMassenhoven Don
Linesman : Mark Shewchyk and Derek Amell
Game Notes
Jocelyn Thibault enters game at 6:29 of 2nd period
Finance
Level 1 -- Attendance: 5145 (85,75%) -- Ticket Income 514 500 $
Level 2 -- Attendance: 4225 (84,50%) -- Ticket Income 274 625 $
Level 3 -- Attendance: 1389 (69,45%) -- Ticket Income 58 338 $
Level 4 -- Attendance: 3098 (77,45%) -- Ticket Income 92 940 $
Luxury Box -- Attendance: 923 (92,30%) -- Ticket Income 170 755 $
Game was played at the Maple Leafs Garden.
Total Attendance: 14780 (82,11%)
Total Ticket Income: 1 111 158 $
Other Income: 166 674 $
Total Income: 1 277 832 $
Blackhawks
5 vs 5 Forward
Center Left Wing Right Wing Time % Phy DF OF
1 Robert Nilsson Henrik Zetterberg Kris Versteeg 40 1 2 2
2 Pierre-Marc Bouchard Chris Higgins Jamie Langenbrunner 30 1 2 2
3 Dominic Moore Daniel Carcillo Sheldon Keefe 20 1 2 2
4 Viktor Kozlov Ryan Malone Steve Bernier 10 1 2 2
5 vs 5 Defense
Defense Defense Time % Phy DF OF
1 Brent Burns Jeff Schultz 40 1 2 2
2 Andy Rogers Chris Campoli 30 1 2 2
3 Wes O'Neill John Carlson 20 1 2 2
4 Brent Burns Jeff Schultz 10 1 2 2
PowerPlay Forward
Center Left Wing Right Wing Time % Phy DF OF
1 Robert Nilsson Henrik Zetterberg Kris Versteeg 60 1 2 2
2 Pierre-Marc Bouchard Chris Higgins Jamie Langenbrunner 40 1 2 2
PowerPlay Defense
Defense Defense Time % Phy DF OF
1 Brent Burns Jeff Schultz 60 1 2 2
2 Andy Rogers Chris Campoli 40 1 2 2
Penalty Kill 4 Players Forward
Center Wing Time % Phy DF OF
1 Henrik Zetterberg Robert Nilsson 60 1 2 2
2 Kris Versteeg Pierre-Marc Bouchard 40 1 2 2
Penalty Kill 4 Players Defense
Defense Defense Time % Phy DF OF
1 Brent Burns Jeff Schultz 60 1 2 2
2 Andy Rogers Chris Campoli 40 1 2 2
Penalty Kill - 3 Players Forward
Forward Time % Phy DF OF
1 Henrik Zetterberg 60 1 2 2
2 Robert Nilsson 40 1 2 2
Penalty Kill - 3 Players Defense
Defense Defense Time % Phy DF OF
1 Brent Burns Jeff Schultz 60 1 2 2
2 Andy Rogers Chris Campoli 40 1 2 2
4 vs 4 Forward
Center Wing Time % Phy DF OF
1 Henrik Zetterberg Robert Nilsson 60 1 2 2
2 Kris Versteeg Pierre-Marc Bouchard 40 1 2 2
4 vs 4 Defense
Defense Defense Time % Phy DF OF
1 Brent Burns Jeff Schultz 60 1 2 2
2 Andy Rogers Chris Campoli 40 1 2 2
Last Minutes Offensive
Center Left Wing Right Wing Defense Defense
Robert Nilsson Henrik Zetterberg Kris Versteeg Brent Burns Jeff Schultz
Last Minutes Defensive
Center Left Wing Right Wing Defense Defense
Robert Nilsson Henrik Zetterberg Kris Versteeg Brent Burns Jeff Schultz
Goaltenders
Starting : Tyler Weiman
Backup : Jocelyn Thibault
Extra Forwards
Normal : Dominic Moore, Daniel Carcillo, Sheldon Keefe - PP : Dominic Moore, Daniel Carcillo - PK : Sheldon Keefe
Extra Defensemen
Normal : Wes O'Neill, John Carlson, Andy Rogers - PP : Wes O'Neill - PK : John Carlson, Andy Rogers
Penalty Shots
Henrik Zetterberg, Robert Nilsson, Kris Versteeg, Pierre-Marc Bouchard, Jamie Langenbrunner
Maple Leafs
5 vs 5 Forward
Center Left Wing Right Wing Time % Phy DF OF
1 Evgeni Malkin Alexander Frolov Claude Giroux 40 1 2 2
2 Brendan Morrison Fabian Brunnstrom Byron Bitz 30 1 2 2
3 Jordan Staal Matt Pettinger Colby Armstrong 20 1 2 2
4 Rob Schremp Justin Abdelkader Blake Comeau 10 1 2 2
5 vs 5 Defense
Defense Defense Time % Phy DF OF
1 Tobias Enstrom Braydon Coburn 40 1 2 2
2 Marc-Édouard Vlasic Taylor Chorney 30 1 2 2
3 Jamie McBain Justin Schultz 20 1 2 2
4 Tobias Enstrom Braydon Coburn 10 1 2 2
PowerPlay Forward
Center Left Wing Right Wing Time % Phy DF OF
1 Evgeni Malkin Alexander Frolov Claude Giroux 60 1 2 2
2 Brendan Morrison Fabian Brunnstrom Byron Bitz 40 1 2 2
PowerPlay Defense
Defense Defense Time % Phy DF OF
1 Tobias Enstrom Braydon Coburn 60 1 2 2
2 Marc-Édouard Vlasic Taylor Chorney 40 1 2 2
Penalty Kill 4 Players Forward
Center Wing Time % Phy DF OF
1 Claude Giroux Evgeni Malkin 60 1 2 2
2 Alexander Frolov Byron Bitz 40 1 2 2
Penalty Kill 4 Players Defense
Defense Defense Time % Phy DF OF
1 Tobias Enstrom Braydon Coburn 60 1 2 2
2 Marc-Édouard Vlasic Taylor Chorney 40 1 2 2
Penalty Kill - 3 Players Forward
Forward Time % Phy DF OF
1 Claude Giroux 60 1 2 2
2 Evgeni Malkin 40 1 2 2
Penalty Kill - 3 Players Defense
Defense Defense Time % Phy DF OF
1 Tobias Enstrom Braydon Coburn 60 1 2 2
2 Marc-Édouard Vlasic Taylor Chorney 40 1 2 2
4 vs 4 Forward
Center Wing Time % Phy DF OF
1 Claude Giroux Evgeni Malkin 60 1 2 2
2 Alexander Frolov Byron Bitz 40 1 2 2
4 vs 4 Defense
Defense Defense Time % Phy DF OF
1 Tobias Enstrom Braydon Coburn 60 1 2 2
2 Marc-Édouard Vlasic Taylor Chorney 40 1 2 2
Last Minutes Offensive
Center Left Wing Right Wing Defense Defense
Evgeni Malkin Alexander Frolov Claude Giroux Tobias Enstrom Braydon Coburn
Last Minutes Defensive
Center Left Wing Right Wing Defense Defense
Evgeni Malkin Alexander Frolov Claude Giroux Tobias Enstrom Braydon Coburn
Goaltenders
Starting : Marc-André Fleury
Backup : Mike Smith
Extra Forwards
Normal : Jordan Staal, Colby Armstrong, Matt Pettinger - PP : Jordan Staal, Colby Armstrong - PK : Matt Pettinger
Extra Defensemen
Normal : Jamie McBain, Justin Schultz, Marc-Édouard Vlasic - PP : Jamie McBain - PK : Justin Schultz, Marc-Édouard Vlasic
Penalty Shots
Claude Giroux, Evgeni Malkin, Alexander Frolov, Byron Bitz, Brendan Morrison
% Time on Ice - Blackhawks
Lines # - Real PCT - Wanted PCT - Time Play
Normal Forward
1 - 34% - 40% - 16:28
2 - 26% - 30% - 12:17
3 - 22% - 20% - 10:46
4 - 18% - 10% - 8:34
Normal Defense
1 - 39% - 40% - 18:58
2 - 33% - 30% - 15:51
3 - 23% - 20% - 11:07
4 - 4% - 10% - 2:09
PP Forward
1 - 56% - 60% - 5:06
2 - 44% - 40% - 3:58
PP Defense
1 - 64% - 60% - 5:47
2 - 36% - 40% - 3:17
PK Forward
1 - 87% - 60% - 1:43
2 - 13% - 40% - 0:16
PK Defense
1 - 61% - 60% - 1:12
2 - 39% - 40% - 0:47
PK3 Forward
1 - 0% - 60%
2 - 0% - 40%
PK3 Defense
1 - 0% - 60%
2 - 0% - 40%
44 Forward
1 - 0% - 60%
2 - 0% - 40%
44 Defense
1 - 0% - 60%
2 - 0% - 40%
Last Minute Offensive - 0:52
Last Minute Defensive - 0:00
Total
Forward - 60:00
Defense - 60:00
|
% Time on Ice - Maple Leafs
Lines # - Real PCT - Wanted PCT - Time Play
Normal Forward
1 - 36% - 40% - 17:16
2 - 25% - 30% - 12:09
3 - 24% - 20% - 11:25
4 - 15% - 10% - 7:14
Normal Defense
1 - 39% - 40% - 18:48
2 - 32% - 30% - 15:26
3 - 24% - 20% - 11:27
4 - 5% - 10% - 2:23
PP Forward
1 - 64% - 60% - 1:16
2 - 36% - 40% - 0:43
PP Defense
1 - 58% - 60% - 1:09
2 - 42% - 40% - 0:50
PK Forward
1 - 78% - 60% - 7:02
2 - 22% - 40% - 2:02
PK Defense
1 - 68% - 60% - 6:12
2 - 32% - 40% - 2:52
PK3 Forward
1 - 0% - 60%
2 - 0% - 40%
PK3 Defense
1 - 0% - 60%
2 - 0% - 40%
44 Forward
1 - 0% - 60%
2 - 0% - 40%
44 Defense
1 - 0% - 60%
2 - 0% - 40%
Last Minute Offensive - 0:00
Last Minute Defensive - 0:53
Total
Forward - 60:00
Defense - 60:00
|
Play by Play
1st period
0:01 of 1st period - Evgeni Malkin wins face-off versus Robert Nilsson in neutral zone.
0:05 of 1st period - Off-side.
0:06 of 1st period - Evgeni Malkin wins face-off versus Robert Nilsson in neutral zone.
1:14 of 1st period - Brent Burns is hit by Rob Schremp and loses puck.
1:34 of 1st period - Off-side.
1:35 of 1st period - Evgeni Malkin wins face-off versus Robert Nilsson in neutral zone.
1:44 of 1st period - Slapshot by Claude Giroux.
1:44 of 1st period - Stopped by Tyler Weiman with a rebound.
2:32 of 1st period - Andy Rogers is hit by Matt Pettinger and loses puck.
3:07 of 1st period - Snap shot by Claude Giroux.
3:07 of 1st period - Deflect By Alexander Frolov.
3:07 of 1st period - Stopped by Tyler Weiman with a rebound.
3:19 of 1st period - Taylor Chorney is hit by Kris Versteeg and loses puck.
3:31 of 1st period - Icing by Kris Versteeg.
3:32 of 1st period - Pierre-Marc Bouchard wins face-off versus Brendan Morrison in Blackhawks zone.
3:32 of 1st period - Pierre-Marc Bouchard is hit by Brendan Morrison.
3:40 of 1st period - Wrist shot by Chris Higgins.
3:40 of 1st period - Shot Blocked by Braydon Coburn.
5:01 of 1st period - Taylor Chorney is hit by Jamie Langenbrunner and loses puck.
6:04 of 1st period - Snap shot by Daniel Carcillo.
6:04 of 1st period - Shot Blocked by Rob Schremp.
6:34 of 1st period - Byron Bitz is hit by Chris Higgins and loses puck.
6:48 of 1st period - Minor Penalty to Alexander Frolov for Tripping.
6:49 of 1st period - Robert Nilsson wins face-off versus Claude Giroux in Maple Leafs zone.
6:51 of 1st period - Wrist shot by Robert Nilsson.
6:51 of 1st period - Stopped by Marc-André Fleury without a rebound.
6:52 of 1st period - Claude Giroux wins face-off versus Robert Nilsson in Maple Leafs zone.
7:03 of 1st period - Wrist shot by Kris Versteeg.
7:03 of 1st period - Stopped by Marc-André Fleury without a rebound.
7:04 of 1st period - Claude Giroux wins face-off versus Henrik Zetterberg in Maple Leafs zone.
7:33 of 1st period - Icing by Brent Burns.
7:34 of 1st period - Pierre-Marc Bouchard wins face-off versus Matt Pettinger in Blackhawks zone.
8:14 of 1st period - Off-side.
8:15 of 1st period - Claude Giroux wins face-off versus Robert Nilsson in neutral zone.
8:20 of 1st period - Snap shot by Claude Giroux.
8:20 of 1st period - Stopped by Tyler Weiman with a rebound.
8:30 of 1st period - Snap shot by Claude Giroux.
8:30 of 1st period - Goal by Claude Giroux - Blackhawks : 0 - Maple Leafs : 1.
8:31 of 1st period - Robert Nilsson wins face-off versus Claude Giroux in neutral zone.
8:48 of 1st period - Penalty to Alexander Frolov is over, Alexander Frolov is back on ice.
9:07 of 1st period - Snap shot by Pierre-Marc Bouchard.
9:07 of 1st period - Shot Misses the Net.
10:18 of 1st period - Snap shot by Pierre-Marc Bouchard.
10:18 of 1st period - Shot Misses the Net.
10:26 of 1st period - Byron Bitz is hit by Chris Campoli and loses puck.
10:39 of 1st period - Snap shot by Claude Giroux.
10:39 of 1st period - Shot Blocked by Chris Campoli.
10:41 of 1st period - Wrist shot by Claude Giroux.
10:41 of 1st period - Shot Misses the Net.
10:43 of 1st period - Snap shot by Alexander Frolov.
10:43 of 1st period - Stopped by Tyler Weiman without a rebound.
10:44 of 1st period - Henrik Zetterberg wins face-off versus Evgeni Malkin in Blackhawks zone.
10:57 of 1st period - Wrist shot by Robert Nilsson.
10:57 of 1st period - Deflect By Henrik Zetterberg.
10:57 of 1st period - Shot Misses the Net.
10:57 of 1st period - Puck is out of play.
10:58 of 1st period - Evgeni Malkin wins face-off versus Robert Nilsson in Maple Leafs zone.
11:25 of 1st period - Byron Bitz is hit by Jeff Schultz and loses puck.
11:48 of 1st period - Snap shot by Matt Pettinger.
11:48 of 1st period - Stopped by Tyler Weiman without a rebound.
11:49 of 1st period - Evgeni Malkin wins face-off versus Dominic Moore in Blackhawks zone.
12:21 of 1st period - Wrist shot by Henrik Zetterberg.
12:21 of 1st period - Shot Blocked by Brendan Morrison.
12:23 of 1st period - Slapshot by Henrik Zetterberg.
12:23 of 1st period - Goal by Henrik Zetterberg - Blackhawks : 1 - Maple Leafs : 1.
12:24 of 1st period - Evgeni Malkin wins face-off versus Robert Nilsson in neutral zone.
13:16 of 1st period - Tobias Enstrom is hit by Daniel Carcillo and loses puck.
13:21 of 1st period - Snap shot by Sheldon Keefe.
13:21 of 1st period - Shot Misses the Net.
14:01 of 1st period - Wrist shot by Claude Giroux.
14:01 of 1st period - Stopped by Tyler Weiman with a rebound.
15:06 of 1st period - Brent Burns is hit by Colby Armstrong and loses puck.
15:21 of 1st period - Jordan Staal is hit by Viktor Kozlov and loses puck.
16:04 of 1st period - Snap shot by Steve Bernier.
16:04 of 1st period - Shot Blocked by Jordan Staal.
16:10 of 1st period - Marc-Édouard Vlasic is hit by Viktor Kozlov and loses puck.
16:36 of 1st period - Slapshot by Brent Burns.
16:36 of 1st period - Stopped by Marc-André Fleury with a rebound.
16:59 of 1st period - Snap shot by Jordan Staal.
16:59 of 1st period - Shot Blocked by Jeff Schultz.
17:01 of 1st period - Wrist shot by Matt Pettinger.
17:01 of 1st period - Goal by Matt Pettinger - Blackhawks : 1 - Maple Leafs : 2.
17:02 of 1st period - Evgeni Malkin wins face-off versus Robert Nilsson in neutral zone.
17:05 of 1st period - Snap shot by Claude Giroux.
17:05 of 1st period - Stopped by Tyler Weiman without a rebound.
17:06 of 1st period - Evgeni Malkin wins face-off versus Robert Nilsson in Blackhawks zone.
17:17 of 1st period - Backhand shot by Evgeni Malkin.
17:17 of 1st period - Shot Blocked by Robert Nilsson.
17:35 of 1st period - Snap shot by Dominic Moore.
17:35 of 1st period - Stopped by Marc-André Fleury without a rebound.
17:36 of 1st period - Brendan Morrison wins face-off versus Dominic Moore in Maple Leafs zone.
17:41 of 1st period - Slapshot by Tobias Enstrom.
17:41 of 1st period - Shot Blocked by Daniel Carcillo.
17:43 of 1st period - Wrist shot by Tobias Enstrom.
17:43 of 1st period - Stopped by Tyler Weiman without a rebound.
17:44 of 1st period - Brendan Morrison wins face-off versus Robert Nilsson in Blackhawks zone.
18:52 of 1st period - Byron Bitz is hit by Henrik Zetterberg and loses puck.
19:36 of 1st period - Marc-Édouard Vlasic is hit by Steve Bernier and loses puck.
Goals for this period are 1 for Blackhawks vs 2 for Maple Leafs.
Shots for this period are 5 for Blackhawks vs 10 for Maple Leafs.
2nd period
0:01 of 2nd period - Evgeni Malkin wins face-off versus Robert Nilsson in neutral zone.
0:08 of 2nd period - Slapshot by Evgeni Malkin.
0:08 of 2nd period - Stopped by Tyler Weiman without a rebound.
0:09 of 2nd period - Robert Nilsson wins face-off versus Evgeni Malkin in Blackhawks zone.
0:09 of 2nd period - Robert Nilsson is hit by Tobias Enstrom.
0:21 of 2nd period - Slapshot by Claude Giroux.
0:21 of 2nd period - Goal by Claude Giroux - Blackhawks : 1 - Maple Leafs : 3.
0:22 of 2nd period - Evgeni Malkin wins face-off versus Robert Nilsson in neutral zone.
0:24 of 2nd period - Braydon Coburn is hit by Brent Burns.
0:36 of 2nd period - Snap shot by Kris Versteeg.
0:36 of 2nd period - Deflect By Henrik Zetterberg.
0:36 of 2nd period - Shot Blocked by Evgeni Malkin.
0:36 of 2nd period - Puck is out of play.
0:37 of 2nd period - Brendan Morrison wins face-off versus Pierre-Marc Bouchard in Maple Leafs zone.
1:17 of 2nd period - Kris Versteeg is hit by Alexander Frolov and loses puck.
1:54 of 2nd period - Slapshot by Fabian Brunnstrom.
1:54 of 2nd period - Stopped by Tyler Weiman with a rebound.
1:56 of 2nd period - Slapshot by Jamie McBain.
1:56 of 2nd period - Shot Misses the Net.
1:58 of 2nd period - Wrist shot by Jamie McBain.
1:58 of 2nd period - Stopped by Tyler Weiman without a rebound.
1:59 of 2nd period - Evgeni Malkin wins face-off versus Robert Nilsson in Blackhawks zone.
2:26 of 2nd period - Fabian Brunnstrom is hit by Chris Campoli.
2:34 of 2nd period - Snap shot by Fabian Brunnstrom.
2:34 of 2nd period - Shot Misses the Net.
2:36 of 2nd period - Snap shot by Brendan Morrison.
2:36 of 2nd period - Shot Misses the Net.
3:13 of 2nd period - Snap shot by Steve Bernier.
3:13 of 2nd period - Stopped by Marc-André Fleury with a rebound.
3:15 of 2nd period - Snap shot by John Carlson.
3:15 of 2nd period - Deflect By Viktor Kozlov.
3:15 of 2nd period - Stopped by Marc-André Fleury without a rebound.
3:16 of 2nd period - Evgeni Malkin wins face-off versus Robert Nilsson in Maple Leafs zone.
4:01 of 2nd period - Minor Penalty to Justin Schultz for Goalie Interference.
4:02 of 2nd period - Pierre-Marc Bouchard wins face-off versus Claude Giroux in Maple Leafs zone.
4:16 of 2nd period - Slapshot by Jamie Langenbrunner.
4:16 of 2nd period - Stopped by Marc-André Fleury without a rebound.
4:17 of 2nd period - Claude Giroux wins face-off versus Henrik Zetterberg in Maple Leafs zone.
4:58 of 2nd period - Snap shot by Alexander Frolov.
4:58 of 2nd period - Shot Blocked by Andy Rogers.
5:00 of 2nd period - Snap shot by Matt Pettinger.
5:00 of 2nd period - Shot Misses the Net.
5:02 of 2nd period - Snap shot by Marc-Édouard Vlasic.
5:02 of 2nd period - Shot Misses the Net.
5:14 of 2nd period - Evgeni Malkin is hit by Andy Rogers and loses puck.
6:00 of 2nd period - Robert Nilsson is hit by Alexander Frolov and loses puck.
6:01 of 2nd period - Penalty to Justin Schultz is over, Justin Schultz is back on ice.
6:29 of 2nd period - Snap shot by Brendan Morrison.
6:29 of 2nd period - Goal by Brendan Morrison - Blackhawks : 1 - Maple Leafs : 4.
6:29 of 2nd period - Jocelyn Thibault enters game.
6:30 of 2nd period - Brendan Morrison wins face-off versus Henrik Zetterberg in neutral zone.
8:23 of 2nd period - Wrist shot by Steve Bernier.
8:23 of 2nd period - Stopped by Marc-André Fleury without a rebound.
8:24 of 2nd period - Evgeni Malkin wins face-off versus Robert Nilsson in Maple Leafs zone.
8:32 of 2nd period - Off-side.
8:33 of 2nd period - Robert Nilsson wins face-off versus Evgeni Malkin in neutral zone.
8:51 of 2nd period - Snap shot by Henrik Zetterberg.
8:51 of 2nd period - Stopped by Marc-André Fleury with a rebound.
8:53 of 2nd period - Wrist shot by Robert Nilsson.
8:53 of 2nd period - Shot Misses the Net.
9:01 of 2nd period - Wrist shot by Henrik Zetterberg.
9:01 of 2nd period - Stopped by Marc-André Fleury without a rebound.
9:02 of 2nd period - Brendan Morrison wins face-off versus Pierre-Marc Bouchard in Maple Leafs zone.
9:07 of 2nd period - Wrist shot by Fabian Brunnstrom.
9:07 of 2nd period - Shot Blocked by Pierre-Marc Bouchard.
9:11 of 2nd period - Slapshot by Byron Bitz.
9:11 of 2nd period - Shot Misses the Net.
9:13 of 2nd period - Snap shot by Fabian Brunnstrom.
9:13 of 2nd period - Shot Blocked by Pierre-Marc Bouchard.
9:15 of 2nd period - Snap shot by Brendan Morrison.
9:15 of 2nd period - Stopped by Jocelyn Thibault without a rebound.
9:16 of 2nd period - Robert Nilsson wins face-off versus Evgeni Malkin in Blackhawks zone.
9:45 of 2nd period - Jamie Langenbrunner is hit by Fabian Brunnstrom and loses puck.
10:03 of 2nd period - Brent Burns is hit by Blake Comeau and loses puck.
10:06 of 2nd period - Slapshot by Jeff Schultz.
10:06 of 2nd period - Shot Blocked by Rob Schremp.
10:08 of 2nd period - Snap shot by Dominic Moore.
10:08 of 2nd period - Stopped by Marc-André Fleury with a rebound.
10:10 of 2nd period - Slapshot by Jeff Schultz.
10:10 of 2nd period - Shot Blocked by Blake Comeau.
10:12 of 2nd period - Snap shot by Jeff Schultz.
10:12 of 2nd period - Stopped by Marc-André Fleury without a rebound.
10:13 of 2nd period - Robert Nilsson wins face-off versus Brendan Morrison in Maple Leafs zone.
10:18 of 2nd period - Snap shot by Kris Versteeg.
10:18 of 2nd period - Stopped by Marc-André Fleury with a rebound.
10:20 of 2nd period - Slapshot by Wes O'Neill.
10:20 of 2nd period - Shot Misses the Net.
10:22 of 2nd period - Slapshot by Wes O'Neill.
10:22 of 2nd period - Deflect By Fabian Brunnstrom.
10:22 of 2nd period - Stopped by Marc-André Fleury with a rebound.
10:24 of 2nd period - Slapshot by Wes O'Neill.
10:24 of 2nd period - Shot Blocked by Braydon Coburn.
10:26 of 2nd period - Slapshot by Kris Versteeg.
10:26 of 2nd period - Shot Misses the Net.
10:28 of 2nd period - Slapshot by John Carlson.
10:28 of 2nd period - Stopped by Marc-André Fleury with a rebound.
10:30 of 2nd period - Wrist shot by Robert Nilsson.
10:30 of 2nd period - Shot Blocked by Braydon Coburn.
10:40 of 2nd period - Jamie Langenbrunner is hit by Evgeni Malkin and loses puck.
10:49 of 2nd period - John Carlson is hit by Claude Giroux and loses puck.
11:24 of 2nd period - Wrist shot by Matt Pettinger.
11:24 of 2nd period - Shot Misses the Net.
11:32 of 2nd period - Snap shot by Matt Pettinger.
11:32 of 2nd period - Stopped by Jocelyn Thibault without a rebound.
11:33 of 2nd period - Pierre-Marc Bouchard wins face-off versus Evgeni Malkin in Blackhawks zone.
11:33 of 2nd period - Pierre-Marc Bouchard is hit by Alexander Frolov.
12:09 of 2nd period - Snap shot by Byron Bitz.
12:09 of 2nd period - Shot Misses the Net.
12:22 of 2nd period - Icing by Brent Burns.
12:23 of 2nd period - Dominic Moore wins face-off versus Rob Schremp in Blackhawks zone.
12:23 of 2nd period - Sheldon Keefe is hit by Justin Abdelkader.
12:26 of 2nd period - Off-side.
12:27 of 2nd period - Robert Nilsson wins face-off versus Evgeni Malkin in neutral zone.
13:01 of 2nd period - Tobias Enstrom is hit by Pierre-Marc Bouchard and loses puck.
14:33 of 2nd period - Fabian Brunnstrom is hit by Chris Higgins and loses puck.
14:41 of 2nd period - Icing by Jamie McBain.
14:42 of 2nd period - Brendan Morrison wins face-off versus Dominic Moore in Maple Leafs zone.
15:12 of 2nd period - Brent Burns is hit by Matt Pettinger and loses puck.
15:31 of 2nd period - Brent Burns is hit by Tobias Enstrom and loses puck.
15:50 of 2nd period - Chris Campoli is hit by Byron Bitz and loses puck.
16:15 of 2nd period - Wrist shot by Claude Giroux.
16:15 of 2nd period - Stopped by Jocelyn Thibault without a rebound.
16:16 of 2nd period - Evgeni Malkin wins face-off versus Robert Nilsson in Blackhawks zone.
16:17 of 2nd period - Slapshot by Claude Giroux.
16:17 of 2nd period - Stopped by Jocelyn Thibault with a rebound.
16:19 of 2nd period - Snap shot by Taylor Chorney.
16:19 of 2nd period - Shot Misses the Net.
16:33 of 2nd period - Alexander Frolov is hit by Henrik Zetterberg and loses puck.
16:51 of 2nd period - Slapshot by Jamie McBain.
16:51 of 2nd period - Shot Misses the Net.
17:38 of 2nd period - Off-side.
17:39 of 2nd period - Robert Nilsson wins face-off versus Evgeni Malkin in neutral zone.
17:44 of 2nd period - Snap shot by Henrik Zetterberg.
17:44 of 2nd period - Deflect By Kris Versteeg.
17:44 of 2nd period - Stopped by Marc-André Fleury with a rebound.
17:46 of 2nd period - Backhand shot by Wes O'Neill.
17:46 of 2nd period - Shot Blocked by Tobias Enstrom.
17:48 of 2nd period - Snap shot by Henrik Zetterberg.
17:48 of 2nd period - Stopped by Marc-André Fleury with a rebound.
18:10 of 2nd period - Wrist shot by Pierre-Marc Bouchard.
18:10 of 2nd period - Stopped by Marc-André Fleury without a rebound.
18:11 of 2nd period - Pierre-Marc Bouchard wins face-off versus Brendan Morrison in Maple Leafs zone.
18:26 of 2nd period - Slapshot by Pierre-Marc Bouchard.
18:26 of 2nd period - Stopped by Marc-André Fleury without a rebound.
18:27 of 2nd period - Evgeni Malkin wins face-off versus Robert Nilsson in Maple Leafs zone.
18:32 of 2nd period - Wrist shot by Robert Nilsson.
18:32 of 2nd period - Stopped by Marc-André Fleury with a rebound.
18:34 of 2nd period - Snap shot by Kris Versteeg.
18:34 of 2nd period - Stopped by Marc-André Fleury with a rebound.
18:36 of 2nd period - Slapshot by Jeff Schultz.
18:36 of 2nd period - Shot Blocked by Alexander Frolov.
18:41 of 2nd period - Minor Penalty to Braydon Coburn for High sticking.
18:42 of 2nd period - Robert Nilsson wins face-off versus Claude Giroux in Maple Leafs zone.
Goals for this period are 0 for Blackhawks vs 2 for Maple Leafs.
Shots for this period are 17 for Blackhawks vs 9 for Maple Leafs.
3rd period
0:01 of 3rd period - Claude Giroux wins face-off versus Robert Nilsson in neutral zone.
0:12 of 3rd period - Slapshot by Evgeni Malkin.
0:12 of 3rd period - Stopped by Jocelyn Thibault with a rebound.
0:14 of 3rd period - Wrist shot by Claude Giroux.
0:14 of 3rd period - Deflect By Brent Burns.
0:14 of 3rd period - Shot Misses the Net.
0:14 of 3rd period - Puck is out of play.
0:15 of 3rd period - Claude Giroux wins face-off versus Robert Nilsson in Blackhawks zone.
0:28 of 3rd period - Tobias Enstrom is hit by Jeff Schultz and loses puck.
0:41 of 3rd period - Penalty to Braydon Coburn is over, Braydon Coburn is back on ice.
0:52 of 3rd period - Minor Penalty to Pierre-Marc Bouchard for Interference.
0:53 of 3rd period - Evgeni Malkin wins face-off versus Henrik Zetterberg in Blackhawks zone.
1:07 of 3rd period - Off-side.
1:08 of 3rd period - Evgeni Malkin wins face-off versus Henrik Zetterberg in neutral zone.
1:33 of 3rd period - Wrist shot by Byron Bitz.
1:33 of 3rd period - Stopped by Jocelyn Thibault without a rebound.
1:34 of 3rd period - Henrik Zetterberg wins face-off versus Brendan Morrison in Blackhawks zone.
2:01 of 3rd period - Chris Campoli is hit by Marc-Édouard Vlasic and loses puck.
2:52 of 3rd period - Penalty to Pierre-Marc Bouchard is over, Pierre-Marc Bouchard is back on ice.
3:04 of 3rd period - Minor Penalty to Colby Armstrong for Tripping.
3:05 of 3rd period - Claude Giroux wins face-off versus Pierre-Marc Bouchard in Maple Leafs zone.
3:21 of 3rd period - Snap shot by Jamie Langenbrunner.
3:21 of 3rd period - Shot Blocked by Braydon Coburn.
3:31 of 3rd period - Braydon Coburn is hit by Henrik Zetterberg and loses puck.
4:09 of 3rd period - Alexander Frolov is hit by Henrik Zetterberg and loses puck.
5:04 of 3rd period - Penalty to Colby Armstrong is over, Colby Armstrong is back on ice.
5:11 of 3rd period - Wrist shot by Colby Armstrong.
5:11 of 3rd period - Shot Misses the Net.
5:13 of 3rd period - Wrist shot by Rob Schremp.
5:13 of 3rd period - Shot Misses the Net.
5:15 of 3rd period - Slapshot by Justin Schultz.
5:15 of 3rd period - Shot Blocked by Andy Rogers.
5:17 of 3rd period - Snap shot by Justin Schultz.
5:17 of 3rd period - Stopped by Jocelyn Thibault without a rebound.
5:18 of 3rd period - Dominic Moore wins face-off versus Rob Schremp in Blackhawks zone.
5:18 of 3rd period - Dominic Moore is hit by Blake Comeau.
5:52 of 3rd period - Ryan Malone is hit by Byron Bitz and loses puck.
6:49 of 3rd period - Wrist shot by Daniel Carcillo.
6:49 of 3rd period - Stopped by Marc-André Fleury with a rebound.
6:54 of 3rd period - Icing by Justin Abdelkader.
6:55 of 3rd period - Robert Nilsson wins face-off versus Rob Schremp in Maple Leafs zone.
7:22 of 3rd period - Braydon Coburn is hit by Jamie Langenbrunner and loses puck.
7:35 of 3rd period - Snap shot by Justin Abdelkader.
7:35 of 3rd period - Stopped by Jocelyn Thibault with a rebound.
8:36 of 3rd period - Snap shot by Kris Versteeg.
8:36 of 3rd period - Shot Blocked by Colby Armstrong.
8:49 of 3rd period - Snap shot by Evgeni Malkin.
8:49 of 3rd period - Stopped by Jocelyn Thibault with a rebound.
8:51 of 3rd period - Slapshot by Tobias Enstrom.
8:51 of 3rd period - Shot Misses the Net.
8:53 of 3rd period - Slapshot by Evgeni Malkin.
8:53 of 3rd period - Shot Misses the Net.
8:55 of 3rd period - Slapshot by Braydon Coburn.
8:55 of 3rd period - Deflect By Claude Giroux.
8:55 of 3rd period - Shot Misses the Net.
8:55 of 3rd period - Puck is out of play.
8:56 of 3rd period - Pierre-Marc Bouchard wins face-off versus Brendan Morrison in Blackhawks zone.
9:21 of 3rd period - Alexander Frolov is hit by Kris Versteeg and loses puck.
9:50 of 3rd period - Snap shot by Daniel Carcillo.
9:50 of 3rd period - Stopped by Marc-André Fleury without a rebound.
9:51 of 3rd period - Brendan Morrison wins face-off versus Pierre-Marc Bouchard in Maple Leafs zone.
10:06 of 3rd period - Snap shot by Pierre-Marc Bouchard.
10:06 of 3rd period - Stopped by Marc-André Fleury with a rebound.
10:57 of 3rd period - Brent Burns is hit by Justin Abdelkader.
11:07 of 3rd period - Wrist shot by Chris Higgins.
11:07 of 3rd period - Goal by Chris Higgins - Blackhawks : 2 - Maple Leafs : 4.
11:08 of 3rd period - Evgeni Malkin wins face-off versus Robert Nilsson in neutral zone.
11:37 of 3rd period - Snap shot by Jamie Langenbrunner.
11:37 of 3rd period - Shot Blocked by Marc-Édouard Vlasic.
12:44 of 3rd period - Slapshot by Evgeni Malkin.
12:44 of 3rd period - Shot Misses the Net.
12:46 of 3rd period - Wrist shot by Evgeni Malkin.
12:46 of 3rd period - Shot Misses the Net.
12:48 of 3rd period - Slapshot by Jamie McBain.
12:48 of 3rd period - Shot Misses the Net.
13:06 of 3rd period - Snap shot by Pierre-Marc Bouchard.
13:06 of 3rd period - Stopped by Marc-André Fleury without a rebound.
13:07 of 3rd period - Evgeni Malkin wins face-off versus Robert Nilsson in Maple Leafs zone.
13:34 of 3rd period - Fabian Brunnstrom is hit by Pierre-Marc Bouchard and loses puck.
13:56 of 3rd period - Tobias Enstrom is hit by John Carlson.
13:58 of 3rd period - Wrist shot by Matt Pettinger.
13:58 of 3rd period - Shot Blocked by John Carlson.
14:00 of 3rd period - Slapshot by Justin Schultz.
14:00 of 3rd period - Stopped by Jocelyn Thibault without a rebound.
14:01 of 3rd period - Jordan Staal wins face-off versus Robert Nilsson in Blackhawks zone.
14:08 of 3rd period - Jordan Staal is hit by Kris Versteeg and loses puck.
14:53 of 3rd period - Slapshot by Tobias Enstrom.
14:53 of 3rd period - Deflect By Justin Abdelkader.
14:53 of 3rd period - Stopped by Jocelyn Thibault with a rebound.
15:01 of 3rd period - Snap shot by Brent Burns.
15:01 of 3rd period - Shot Blocked by Blake Comeau.
15:23 of 3rd period - Fabian Brunnstrom is hit by Henrik Zetterberg and loses puck.
15:34 of 3rd period - Andy Rogers is hit by Colby Armstrong and loses puck.
15:46 of 3rd period - Tobias Enstrom is hit by John Carlson and loses puck.
15:57 of 3rd period - Slapshot by Wes O'Neill.
15:57 of 3rd period - Stopped by Marc-André Fleury without a rebound.
15:58 of 3rd period - Dominic Moore wins face-off versus Evgeni Malkin in Maple Leafs zone.
16:07 of 3rd period - Slapshot by Claude Giroux.
16:07 of 3rd period - Shot Misses the Net.
16:09 of 3rd period - Slapshot by Marc-Édouard Vlasic.
16:09 of 3rd period - Shot Blocked by Dominic Moore.
16:11 of 3rd period - Wrist shot by Alexander Frolov.
16:11 of 3rd period - Shot Blocked by Jeff Schultz.
16:13 of 3rd period - Snap shot by Alexander Frolov.
16:13 of 3rd period - Deflect By Evgeni Malkin.
16:13 of 3rd period - Stopped by Jocelyn Thibault without a rebound.
16:14 of 3rd period - Henrik Zetterberg wins face-off versus Jordan Staal in Blackhawks zone.
16:59 of 3rd period - Minor Penalty to Alexander Frolov for Elbowing.
17:00 of 3rd period - Claude Giroux wins face-off versus Robert Nilsson in Maple Leafs zone.
17:28 of 3rd period - Off-side.
17:29 of 3rd period - Pierre-Marc Bouchard wins face-off versus Matt Pettinger in neutral zone.
17:44 of 3rd period - Slapshot by Chris Campoli.
17:44 of 3rd period - Deflect By Jamie Langenbrunner.
17:44 of 3rd period - Shot Misses the Net.
17:44 of 3rd period - Puck is out of play.
17:45 of 3rd period - Robert Nilsson wins face-off versus Claude Giroux in Maple Leafs zone.
18:00 of 3rd period - Snap shot by Henrik Zetterberg.
18:00 of 3rd period - Shot Misses the Net.
18:02 of 3rd period - Wrist shot by Kris Versteeg.
18:02 of 3rd period - Goal by Kris Versteeg - Blackhawks : 3 - Maple Leafs : 4.
18:03 of 3rd period - Jordan Staal wins face-off versus Dominic Moore in neutral zone.
18:29 of 3rd period - Henrik Zetterberg is hit by Claude Giroux and loses puck.
18:38 of 3rd period - Slapshot by Evgeni Malkin.
18:38 of 3rd period - Deflect By Claude Giroux.
18:38 of 3rd period - Stopped by Jocelyn Thibault without a rebound.
18:39 of 3rd period - Evgeni Malkin wins face-off versus Robert Nilsson in Blackhawks zone.
18:52 of 3rd period - Blackhawks, Jocelyn Thibault is pulled from the net.
19:48 of 3rd period - Evgeni Malkin is hit by Henrik Zetterberg and loses puck.
19:54 of 3rd period - Minor Penalty to Claude Giroux for Interference.
19:55 of 3rd period - Pierre-Marc Bouchard wins face-off versus Byron Bitz in Maple Leafs zone.
Goals for this period are 2 for Blackhawks vs 0 for Maple Leafs.
Shots for this period are 7 for Blackhawks vs 9 for Maple Leafs.
Back to the Top